cohdb
Replays
Latest Replays
All Replays
Popular Replays
Top Player Replays
Match Explorer
How It Works
Community
CoH3 Stats
Reddit
Sign in to upload your games and track your stats! →
Sign in with Steam
Match 28541271
Unlisted
Match 28541271
Overview
Messages
Build Orders
End
Kradschützen Motorcycle Team
Panzergrenadier Squad
Panzergrenadier Squad
Construct Light Support Kompanie
MG34 Team
Fire Support Elements
Flakvierling Half-track
Selects Italian Infantry
Selects Defensive Operations
Veteran Squad Leaders
Maggot
BLOODY PARTY
pagep
Zzzz丶
WiadomoCoWiadmoKogo
canario_guerrero
SpiNoS
315394328
0
0
Comments
sign in to comment!
No comments posted yet!